Map: Lerilak Crest

Players

Maharishi

  • Race: Protoss Protoss
  • League: Master

llllllllllll (CalebAracous) - Winner!

  • Race: Zerg Zerg
  • League: Grandmaster

VOD

Have the link to the VOD?

Description

lurker all in

Time

  • Played on: Jan. 25, 2016, 7:01 p.m.
  • Length: 6:41
Show
View Real Time Build Order
Export as new Build Order

Maharishi Protoss 

Build Orders: Nexus First 

Get SALT Encoding   

  12  0:01  Probe (Chrono Boost)  
  13  0:11  Probe (Chrono Boost)  
  14  0:22  Pylon, Probe (Chrono Boost)  
  15  0:40  Probe (Chrono Boost)  
  16  0:50  Probe (Chrono Boost)  
  17  1:01  Nexus  
  17  1:02  Probe (Chrono Boost)  
  18  1:12  Gateway  
  18  1:16  Probe (Chrono Boost)  
  19  1:22  Assimilator  
  19  1:27  Probe (Chrono Boost)  
  19  1:30  Assimilator  
  20  1:37  Probe (Chrono Boost)  
  21  1:40  Pylon  
  21  1:48  Probe (Chrono Boost)  
  22  1:59  Probe (Chrono Boost)  
  22  2:01  Cybernetics Core  
  23  2:11  Probe (Chrono Boost)  
  23  2:13  Probe (Chrono Boost)  
  25  2:21  Probe (Chrono Boost)  
  26  2:24  Probe (Chrono Boost)  
  27  2:32  Probe (Chrono Boost)  
  27  2:33  Probe (Chrono Boost)  
  29  2:37  Adept (Chrono Boost)  
  29  2:38  Warp Gate  
  29  2:43  Probe x2  
  32  2:51  Pylon  
  33  2:54  Probe  
  33  2:55  Probe  
  35  3:01  Adept (Chrono Boost)  
  35  3:04  Probe  
  37  3:07  Probe  
  39  3:13  Pylon  
  39  3:16  Mothership Core  
  39  3:19  Probe  
  42  3:25  Adept (Chrono Boost)  
  44  3:31  Probe  
  45  3:36  Probe  
  46  3:43  Probe  
  46  3:46  Probe  
  50  3:48  Adept (Chrono Boost)  
  50  3:55  Probe  
  50  3:57  Probe  
  52  4:07  Probe  
  53  4:14  Nexus  
  53  4:15  Stargate, Assimilator x2  
  53  4:17  Stargate  
  53  4:21  Gateway  
  53  4:23  Gateway  
  53  4:25  Probe (Chrono Boost), Gateway  
  53  4:27  Probe (Chrono Boost)  
  53  4:28  Pylon  
  55  4:38  Probe (Chrono Boost)  
  56  4:41  Probe (Chrono Boost)  
  57  4:48  Probe (Chrono Boost)  
  57  4:52  Probe (Chrono Boost)  
  59  4:54  Pylon  
  59  4:56  Gateway  
  59  4:57  Pylon, Gateway  
  59  4:59  Phoenix (Chrono Boost), Gateway  
  61  5:03  Phoenix (Chrono Boost)  
  61  5:04  Probe  
  64  5:08  Probe  
  64  5:12  Pylon  
  64  5:14  Pylon  
  65  5:16  Probe  
  66  5:21  Robotics Facility  
  66  5:23  Phoenix (Chrono Boost)  
  66  5:26  Phoenix (Chrono Boost)  
  70  5:28  Probe  
  70  5:29  Probe  
  72  5:40  Probe  
  72  5:41  Probe x2  
  75  5:45  Phoenix (Chrono Boost)  
  75  5:48  Phoenix (Chrono Boost)  
  79  5:51  Probe  
  79  5:53  Probe x2  
  82  6:01  Probe  
  82  6:02  Sentry x2  
  82  6:03  Sentry x2  
  91  6:05  Probe  
  92  6:15  Stalker  
  94  6:19  Twilight Council  
  94  6:21  Forge  
  94  6:31  Stalker x2  
  94  6:32  Stalker x3  
Show
View Real Time Build Order
Export as new Build Order

llllllllllll Zerg - Winner!

Build Orders: Hatch First, Lurkers 

Get SALT Encoding   

  12  0:01  Drone  
  13  0:12  Overlord  
  13  0:19  Drone  
  14  0:32  Drone x2  
  16  0:37  Drone  
  17  0:57  Hatchery  
  16  0:58  Drone x2  
  18  1:12  Extractor  
  18  1:13  Spawning Pool  
  18  1:16  Drone  
  17  1:19  Drone  
  18  1:31  Drone  
  19  1:42  Overlord  
  19  2:01  Queen  
  19  2:02  Zergling x2  
  19  2:04  Drone  
  23  2:10  Queen  
  23  2:11  Drone x2  
  23  2:12  Metabolic Boost  
  27  2:24  Zergling x4  
  29  2:32  Drone x2  
  31  2:45  Overlord  
  31  2:48  Queen  
  31  2:49  Lair  
  31  2:50  Drone  
  34  2:58  Drone x2  
  36  3:06  Extractor, Drone x2  
  37  3:14  Drone x4  
  41  3:20  Overlord, Drone  
  42  3:31  Queen  
  42  3:32  Extractor  
  42  3:35  Drone  
  43  3:42  Drone x2  
  43  3:46  Overlord  
  45  3:59  Queen  
  45  4:00  Hydralisk Den, Drone  
  45  4:01  Drone x5  
  52  4:09  Queen  
  52  4:16  Overlord  
  54  4:19  Drone  
  55  4:29  Lurker Den  
  55  4:41  Queen  
  55  4:42  Overlord  
  55  4:45  Queen  
  59  4:56  Overlord x2  
  59  5:05  Hydralisk  
  59  5:06  Hydralisk x7  
  75  5:08  Overseer  
  75  5:18  Queen  
  75  5:21  Queen  
  77  5:27  Overlord  
  80  5:42  Zergling x2  
  80  5:43  Zergling x8  
  84  5:53  Zergling x4  
  84  5:54  Zergling x2, Queen  
  84  5:56  Queen  
  89  5:57  Lurker  
  89  5:58  Lurker x4  
  89  6:00  Spore Crawler  
  89  6:03  Spore Crawler x2  
  93  6:04  Spore Crawler  
  93  6:11  Overlord x2  
  92  6:12  Overlord  
Tags
 
Add a new tag
Caveats
  • Supply blocks, unpowered buildings, or Contaminate may cause inaccurate times.
  • Supply counts are checked every 10 seconds.